 Dungeon Crawl Stone Soup version 0.27.1-3-gb3d3a73c9e (webtiles) character file.

Game seed: 14862434128766950014

1 uberloutre the Ducker (level 1, 0/10 HPs)
             Began as a Felid Monk on Oct 7, 2021.
             Slain by a giant cockroach (1 damage)
             ... on level 1 of the Dungeon.
             The game lasted 00:02:09 (22 turns).

uberloutre the Ducker (Felid Monk)                    Turns: 22, Time: 00:02:10

Health: 0/10       AC:  1    Str:  7    XL:     1   Next: 16%
Magic:  2/2        EV: 19    Int: 11    God:
Gold:   0          SH:  0    Dex: 18    Spells: 0/0 levels left
                                        Lives:  0   Deaths: 0

rFire    . . .     SeeInvis +     - Unarmed
rCold    . . .     Faith    .   (shield unavailable)
rNeg     . . .     Spirit   .   (armour unavailable)
rPois    .         Reflect  .   (helmet unavailable)
rElec    .         Harm     .   (cloak unavailable)
rCorr    .         Rampage  .   (gloves unavailable)
Will     .....                  (boots unavailable)
Stlth    ++........             (no amulet)
HPRegen  0.03/turn              (no ring)
MPRegen  0.08/turn              (no ring)

@: quick
A: very small, claws 1, fangs 3, see invisible, speed 1, shaggy fur 1, stealthy
paws, no weapons or thrown items, no armour, multi-lived
a: no special abilities


You were on level 1 of the Dungeon.
You visited 1 branch of the dungeon, and saw 1 of its levels.

You aren't carrying anything.


   Skills:
 + Level 3.0 Fighting
 + Level 4.0 Dodging
 + Level 2.7 Stealth
 + Level 3.0 Unarmed Combat


You couldn't memorise any spells.
You didn't know any spells.
Your spell library was empty.

Dungeon Overview and Level Annotations

Branches:
Dungeon (1/15)

Altars:


Innate Abilities, Weirdness & Mutations

You have sharp claws.
You have razor-sharp teeth.
You have supernaturally acute eyesight. (SInv)
You cover ground quickly. (Speed+)
You are covered in fur. (AC +1)
Your paws help you pounce on unaware monsters.
You are incapable of wielding weapons or throwing items.
You cannot wear armour.
You gain extra lives every three experience levels.


Message History

The giant cockroach waves its antennae.
The giant cockroach completely misses you. x2
You barely miss the giant cockroach.
You bite the giant cockroach, but do no damage.
The giant cockroach closely misses you. The giant cockroach misses you.
You scratch the giant cockroach but do no damage.
The giant cockroach closely misses you.
The giant cockroach completely misses you.
You barely miss the giant cockroach. Your bite misses the giant cockroach.
The giant cockroach barely misses you. The giant cockroach closely misses you.
The giant cockroach completely misses you.
You scratch the giant cockroach. Your bite misses the giant cockroach.
The giant cockroach is severely wounded.
The giant cockroach bites you.
The endoplasm jiggles.
The giant cockroach closely misses you.
You scratch the giant cockroach but do no damage.
The giant cockroach is severely wounded.
The giant cockroach misses you. x2
The giant cockroach completely misses you.
You scratch the giant cockroach but do no damage.
The giant cockroach bites you.
The giant cockroach bites you but does no damage.
You barely miss the giant cockroach. The giant cockroach misses you.
The giant cockroach bites you.
* * * LOW HITPOINT WARNING * * *
You scratch the giant cockroach.
The giant cockroach is almost dead.
The giant cockroach bites you.
* * * LOW HITPOINT WARNING * * *
The giant cockroach misses you.
You barely miss the giant cockroach.
The giant cockroach is almost dead.
The giant cockroach completely misses you.
The giant cockroach barely misses you.
The giant cockroach completely misses you.
You scratch the giant cockroach.
You kill the giant cockroach!
The giant cockroach bites you.
You die... ############### #......Jhh....# #....whBBBr...# #...JJJJhBrw..#

#######B#######
#......@†.....#
+⌠[...###....⌠+
#......<......#
#..⌠...>...⌠..#
###+#######+###


You could see 2 worms, 5 endoplasms, 4 jackals, 5 giant cockroaches and 2 rats.

Vanquished Creatures
  A giant cockroach (D:1)
  A jackal (D:1)
2 creatures vanquished.

Notes
Turn   | Place    | Note
-------+----------+-------------------------------------------
     0 | D:1      | uberloutre the Felid Monk began the quest for the Orb.
     0 | D:1      | Reached XP level 1. HP: 10/10 MP: 2/2
     3 | D:1      | Found a runed translucent door.
    22 | D:1      | Slain by a giant cockroach

Illustrated notes

Levels and vault maps discovered:
D:1:      dpeg_arrival_caged_fury, layout_basic

Action                   || total
-------------------------++-------
Melee: Unarmed           ||    16
       Bite              ||     3
Armor: Skin              ||     1
Dodge: Dodged            ||    23
